Map: Новое противостояние РВ

Players

Gor - Winner!

  • Race: Zerg Zerg
  • League: Platinum
  • Spawn Location: 1:00

swistjkee

  • Race: Zerg Zerg
  • League: Platinum
  • Spawn Location: 7:00

VOD

Have the link to the VOD?

Description

Time

  • Played on: April 21, 2019, 6:42 p.m.
  • Length: 11:10
Show
View Real Time Build Order
Export as new Build Order

Gor Zerg - Winner!

Build Orders: Hatch First 

Get SALT Encoding   

  12  0:01  Drone  
  13  0:13  Overlord  
  13  0:18  Drone  
  14  0:42  Hatchery  
  13  0:46  Drone  
  14  0:50  Drone  
  15  0:58  Drone  
  16  1:11  Spawning Pool  
  16  1:15  Drone  
  16  1:43  Drone  
  16  1:44  Drone x2, Extractor  
  18  1:54  Overlord  
  18  1:59  Queen  
  20  2:01  Drone  
  21  2:14  Spine Crawler  
  21  2:15  Drone x2  
  22  2:24  Drone  
  22  2:25  Drone  
  24  2:49  Evolution Chamber  
  23  3:06  Roach Warren  
  23  3:09  Drone  
  23  3:10  Drone x5  
  28  3:21  Spine Crawler  
  27  3:30  Drone  
  27  3:31  Drone  
  29  3:35  Lair  
  29  3:36  Extractor  
  28  3:42  Queen  
  28  3:46  Overlord x4  
  28  3:47  Extractor  
  29  3:53  Roach  
  31  4:01  Roach  
  33  4:11  Spine Crawler  
  33  4:13  Drone  
  33  4:14  Drone  
  33  4:16  Roach x2  
  38  4:18  Zerg Missile Weapons Level 1  
  38  4:33  Roach x3  
  44  4:49  Drone x4  
  48  4:53  Drone x4  
  48  4:57  Extractor, Overlord  
  51  5:21  Roach x5  
  57  5:22  Roach x2  
  65  5:41  Drone, Roach  
  65  5:42  Roach  
  70  5:46  Tunneling Claws  
  70  5:52  Overlord x2  
  70  6:00  Drone x3  
  70  6:03  Overlord  
  73  6:07  Overlord  
  73  6:12  Zerg Ground Armor Level 1  
  50  6:54  Roach  
  50  6:55  Roach x7  
  50  6:57  Queen  
  68  7:04  Glial Reconstitution  
  68  7:18  Ravager  
  68  7:19  Ravager  
  68  7:20  Ravager x5  
  75  7:59  Roach x6  
  87  8:07  Spine Crawler  
  87  8:08  Spine Crawler  
  87  8:11  Spine Crawler  
  62  8:54  Roach  
  62  8:55  Roach x3  
  55  9:24  Ravager x4  
  55  9:25  Ravager  
  55  9:26  Roach  
  45  10:01  Roach x3  
  45  10:07  Drone x2  
  47  10:23  Drone x2  
  49  10:47  Drone x2  
  49  10:48  Drone x2  
Show
View Real Time Build Order
Export as new Build Order

swistjkee Zerg 

Build Orders: Hatch First 

Get SALT Encoding   

  12  0:01  Drone  
  13  0:12  Overlord  
  13  0:17  Drone  
  14  0:31  Drone x2  
  16  0:52  Hatchery  
  16  0:55  Drone  
  16  0:59  Drone  
  16  1:03  Drone  
  18  1:06  Extractor  
  17  1:21  Spawning Pool  
  17  1:24  Drone  
  17  1:30  Drone  
  18  1:36  Drone  
  19  1:41  Overlord  
  19  1:51  Drone  
  20  2:01  Drone  
  21  2:07  Queen  
  23  2:12  Metabolic Boost  
  23  2:16  Drone x2  
  23  2:18  Drone  
  26  2:33  Zergling x6  
  29  2:38  Drone  
  30  2:46  Queen  
  32  2:51  Baneling Nest  
  31  3:04  Drone x2  
  33  3:06  Drone, Overlord  
  33  3:07  Overlord  
  34  3:20  Drone x2  
  34  3:26  Evolution Chamber  
  34  3:33  Drone x5  
  39  3:39  Zergling x4  
  41  3:46  Queen  
  43  3:54  Zerg Melee Weapons Level 1  
  43  3:55  Zergling x2  
  44  3:56  Zergling x2  
  44  4:00  Overlord  
  44  4:01  Overlord x2  
  45  4:04  Drone x2  
  47  4:18  Baneling  
  47  4:19  Baneling  
  47  4:20  Baneling  
  47  4:21  Zergling x10  
  52  4:36  Zergling x10  
  52  4:37  Hatchery  
  56  4:44  Zergling x2  
  56  4:45  Zergling x6  
  60  4:57  Lair  
  61  5:00  Zergling x12, Extractor  
  61  5:01  Extractor  
  64  5:07  Baneling  
  64  5:21  Baneling  
  64  5:23  Zergling x2  
  64  5:24  Zergling x6  
  68  5:37  Drone  
  68  5:38  Drone x7  
  76  5:50  Drone  
  76  5:54  Zergling x2  
  76  5:55  Zergling x2  
  79  5:57  Baneling  
  79  5:58  Baneling x4  
  79  6:07  Drone x3  
  79  6:08  Overlord  
  79  6:09  Overlord x4  
  74  6:35  Zergling x4  
  74  6:36  Zergling x8  
  71  6:40  Zergling x2  
  65  6:53  Drone, Hydralisk Den  
  61  6:54  Zergling x2  
  61  6:55  Zergling x12  
  65  7:10  Zerg Melee Weapons Level 2  
  66  7:15  Drone  
  66  7:16  Drone x5  
  69  7:25  Hydralisk  
  69  7:26  Hydralisk x5  
  69  7:28  Grooved Spines  
  81  7:30  Hydralisk x2  
  81  7:36  Overlord  
  85  7:42  Hydralisk  
  85  7:43  Hydralisk  
  89  7:48  Zergling x14  
  96  7:56  Hydralisk x2  
  87  8:14  Hydralisk  
  87  8:15  Hydralisk x2, Zergling x2  
  74  8:29  Zergling x2  
  74  8:30  Zergling x22  
  69  8:42  Zergling x2  
  69  8:43  Zergling x10  
  57  8:56  Zergling x2  
  57  8:57  Zergling x4  
  56  9:06  Zergling x2  
  56  9:07  Zergling x8  
  57  9:16  Spine Crawler  
  45  9:36  Zergling x2  
  45  9:37  Zergling x14  
  37  9:48  Drone, Zergling x2  
  37  9:49  Zergling x6  
  41  10:03  Hatchery  
  39  10:12  Hatchery  
  38  10:19  Hydralisk x6  
  46  10:41  Hydralisk  
Tags
 
Add a new tag
Caveats
  • Supply blocks, unpowered buildings, or Contaminate may cause inaccurate times.
  • Supply counts are checked every 10 seconds.